 Dungeon Crawl Stone Soup version 0.28.0-53-g5a82cb258f (webtiles) character file.

Game seed: 6727693647619881944

41 styxcanada the Sneak (level 3, -1/18 HPs)
             Began as a Spriggan Brigand on Aug 20, 2022.
             Slain by a kobold
             ... wielding a +0 short sword
              (3 damage)
             ... on level 2 of the Dungeon.
             The game lasted 00:03:32 (1525 turns).

styxcanada the Sneak (Spriggan Brigand)             Turns: 1525, Time: 00:03:33

Health: -1/18      AC:  4    Str:  7    XL:     3   Next: 32%
Magic:  4/4        EV: 17    Int: 12    God:
Gold:   51         SH:  0    Dex: 18    Spells: 2/2 levels left

rFire   . . .      SeeInvis +   a - +2 dagger
rCold   . . .      Faith    .   (no shield)
rNeg    . . .      Spirit   .   b - +0 robe
rPois   .          Reflect  .   (helmet restricted)
rElec   .          Harm     .   j - +1 cloak
rCorr   .          Rampage  .   (gloves unavailable)
Will    .....                   (boots unavailable)
Stlth   ++++......              (no amulet)
HPRegen 0.06/turn               (no ring)
MPRegen 0.09/turn               (no ring)

@: very quick
A: very small, no large weapons, unfitting armour, see invisible, speed 3
a: no special abilities


You were on level 2 of the Dungeon.
You visited 1 branch of the dungeon, and saw 2 of its levels.

You collected 51 gold pieces.

Inventory:

Hand Weapons
 a - a +2 dagger (weapon)
 f - a +0 hunting sling
Missiles
 d - 8 poisoned darts (quivered)
 e - 2 curare-tipped darts
Armour
 b - a +0 robe (worn)
 j - a +1 cloak (worn)
Scrolls
 h - a scroll of magic mapping {unknown}
 i - a scroll of blinking {unknown}
Potions
 c - a potion of magic {unknown}
 g - a potion of haste {unknown}
 k - a potion of degeneration {unknown}


   Skills:
 * Level 1.7 Fighting
 + Level 2.5 Short Blades
 + Level 2.1 Throwing
 * Level 2.2 Dodging
 * Level 7.0 Stealth


You had 2 spell levels left.
You didn't know any spells.
Your spell library contained the following spells:

 Spells                   Type           Power      Damage    Failure   Level
 Animate Skeleton         Necr           0%         N/A       32%         1
 Pain                     Necr           0%         1d4       32%         1
 Vampiric Draining        Necr           0%         2d6       69%         3


Dungeon Overview and Level Annotations

Branches:
Dungeon (2/15)

Altars:


Innate Abilities, Weirdness & Mutations

You are very small and have problems with some larger weapons.
You are too small for most types of armour.
You have supernaturally acute eyesight. (SInv)
You cover ground extremely quickly. (Speed+++)


Message History

You closely miss the adder.
The adder is moderately wounded.
You feel sick. The kobold hits you but does no damage.
The adder bites you but does no damage.
You feel sick. The adder completely misses you.
You feel sick.
You feel sick.
The kobold throws a stone.
The stone hits you but does no damage.
You feel sick.
You are no longer poisoned.
You open the door.
Found a book of Rime.
There is an open door here.
The adder completely misses you.
You miss the adder.
The adder is moderately wounded.
The adder closely misses you.
You hit the adder.
The adder is heavily wounded.
The adder closely misses you.
You hit the adder.
The adder is severely wounded.
The adder bites you.
You hit the adder.
You kill the adder!
Your Stealth skill increases to level 7!
You barely miss the kobold. The kobold hits you but does no damage.
You hit the kobold.
The kobold is severely wounded.
You closely miss the kobold.
The kobold is severely wounded.
The kobold hits you with a +0 short sword.
* * * LOW HITPOINT WARNING * * *
You hit the kobold but do no damage.
The kobold is severely wounded.
The kobold hits you but does no damage.
You barely miss the kobold.
The kobold is moderately wounded.
The kobold hits you with a +0 short sword.
You die...

.. ... .... ##
....### .. .....
######## .# #...
#......##..#
#...####.#........#
#...@K...#.K......#
#.:.###.....#........
#...#<#.###.#.....#..
#...#.#.....$...#.#
+...#...........# #
#...........##.##
###.######### ... #.
###. # .


You could see a kobold.

Vanquished Creatures
  An adder (D:2)
  A dart slug (D:1)
  5 bats (D:1)
  3 endoplasms (D:1)
  2 giant cockroaches (D:1)
  3 hobgoblins
  4 jackals (D:1)
  2 kobolds (D:1)
  A ball python (D:1)
  3 goblins (D:1)
  A rat (D:1)
26 creatures vanquished.

Vanquished Creatures (others)
  10 plants (D:1)
10 creatures vanquished.

Grand Total: 36 creatures vanquished

Notes
Turn   | Place    | Note
-------+----------+-------------------------------------------
     0 | D:1      | styxcanada the Spriggan Brigand began the quest for the
                  | Orb.
     0 | D:1      | Reached XP level 1. HP: 10/10 MP: 2/2
    28 | D:1      | Reached skill level 6 in Stealth
   456 | D:1      | Reached XP level 2. HP: 14/14 MP: 3/3
  1076 | D:1      | Reached XP level 3. HP: 18/18 MP: 4/4
  1521 | D:2      | Reached skill level 7 in Stealth
  1525 | D:2      | Slain by a kobold

Illustrated notes

Levels and vault maps discovered:
D:1:      mrwooster_arrival_arrow, layout_basic, serial_bayou,
          serial_bayou_pond_d, serial_bayou_shore_a, serial_bayou_crossing,
          serial_bayou_lake_a
D:2:      layout_basic, uniq_robin

Skill      XL: |  1  2  3 |
---------------+----------+-----
Stealth        | 6 7 |  7.0
Dodging        | 2 |  2.2
Fighting       | |  1.7
Short Blades   | |  2.5
Throwing       | |  2.1

Action                   || total
-------------------------++-------
Melee: Dagger            ||    96
       Punch             ||     2
Throw: Dart              ||     7
 Stab: Sleeping          ||     6
Armor: Robe              ||    31
Dodge: Dodged            ||    85
